 Dungeon Crawl Stone Soup version 0.29-a0-317-gd16b76e6b1 (webtiles) character file.

Game seed: 17217482018901410909

1071 Dabor the Magician (level 8, -1/54 HPs)
             Began as a Demonspawn Transmuter on Apr 1, 2022.
             Was a Believer of Hepliaklqana.
             Slain by a gnoll
             ... wielding a +0 whip
              (3 damage)
             ... on level 5 of the Dungeon.
             The game lasted 00:06:57 (5791 turns).

Dabor the Magician (Demonspawn Transmuter)          Turns: 5791, Time: 00:06:58

Health: -1/54      AC:  6    Str: 13    XL:     8   Next: 7%
Magic:  12/14      EV: 13    Int: 14    God:    Hepliaklqana [**....]
Gold:   343        SH:  0    Dex: 14    Spells: 13/16 levels left

rFire   . . .      SeeInvis .   o - +4 dagger
rCold   . . .      Faith    .   (no shield)
rNeg    . . .      Spirit   .   a - +0 robe
rPois   .          Reflect  .   (helmet currently unavailable)
rElec   .          Harm     .   (no cloak)
rCorr   .          Rampage  .   (no gloves)
Will    .....                   (boots currently unavailable)
Stlth   +.........              (no amulet)
HPRegen 0.18/turn               c - +4 ring of protection
MPRegen 0.14/turn               (no ring)

@: lit by a corona, appendages (expiring), wereblooded, glowing
A: horns 2, talons 2, reduced essence, hooves 1, demonic guardian 2, foul stench
1
a: End Transformation, Renounce Religion, Recall Ancestor, Ancestor Identity


You were on level 5 of the Dungeon.
You worshipped Hepliaklqana.
Hepliaklqana was pleased with you.
You had temporarily grown beastly horns and talons.
You visited 1 branch of the dungeon, and saw 5 of its levels.

You collected 343 gold pieces.

Inventory:

Hand Weapons
 o - a +4 dagger (weapon)
 r - a +1 hand axe of electrocution
Missiles
 s - 4 poisoned darts
Armour
 a - a +0 robe (worn)
Jewellery
 c - a +4 ring of protection (left hand)
 h - an amulet of magic regeneration
Wands
 p - a wand of polymorph (4)
 u - a wand of acid (4)
 v - a wand of flame (8)
Scrolls
 d - a scroll of enchant armour {unknown}
 i - a scroll of fear
 j - a scroll of enchant weapon {unknown}
 k - a scroll of blinking
 m - a scroll of identify
 t - a scroll of fog {unknown}
Potions
 b - a potion of might
 e - 2 potions of heal wounds {unknown}
 f - 5 potions of curing {unknown}
 g - 2 potions of magic {unknown}
 l - 2 potions of degeneration {unknown}
 n - 2 potions of cancellation {unknown}
 q - a potion of ambrosia {unknown}


   Skills:
 * Level 4.4 Fighting
 * Level 4.3 Dodging
 - Level 3.0 Unarmed Combat
 * Level 4.5 Spellcasting
 * Level 4.2 Transmutations
 + Level 3.6 Invocations


You had 13 spell levels left.
You knew the following spells:

 Your Spells              Type           Power      Damage    Failure   Level
a - Beastly Appendage     Tmut           30%        N/A       3%          1
b - Wereblood             Tmut           15%        N/A       4%          2

Your spell library contained the following spells:

 Spells                   Type           Power      Damage    Failure   Level
 Spider Form              Tmut/Pois      9%         N/A       24%         3
 Ice Form                 Ice/Tmut       9%         N/A       61%         4


Dungeon Overview and Level Annotations

Branches:
Dungeon (5/15)
 Temple: D:4-7

Altars:
Hepliaklqana
Okawaru
Vehumet


Innate Abilities, Weirdness & Mutations

You have temporarily grown beastly horns and talons.
Your life essence is reduced to manifest your ancestor. (-10% HP)
You have large cloven feet.
A demonic guardian rushes to your aid.
You may rarely emit foul miasma when damaged in melee.


Message History

The puff of frost hits the gnoll shaman.
The gnoll barely misses you.
The gnoll shaman barely misses Quintus.
You hit the gnoll shaman. Your headbutt misses the gnoll shaman.
The gnoll shaman is heavily wounded.
Your transformation is almost over.
Quintus barely misses the gnoll shaman.
The gnoll hits you from afar with a +0 spear.
The gnoll hits you from afar with a +0 halberd!
The gnoll hits you but does no damage.
The gnoll shaman hits you but does no damage.
You hit the gnoll shaman.
The gnoll shaman is severely wounded.
Quintus hits the gnoll shaman with a +0 quarterstaff!
The gnoll shaman dies!
The gnoll hits you from afar with a +0 spear.
The gnoll hits you from afar with a +0 halberd.
The gnoll hits you with a +0 whip.
You barely miss the gnoll. You claw the gnoll. You headbutt the gnoll.
The gnoll is heavily wounded.
Quintus barely misses the gnoll.
The gnoll hits Quintus with a +0 flail.
The gnoll hits you from afar with a +0 halberd!
The gnoll closely misses you.
You barely miss the gnoll.
The gnoll is heavily wounded.
Quintus hits the gnoll with a +0 quarterstaff!
The gnoll misses Quintus.
The gnoll hits you from afar with a +0 halberd!
* * * LOW HITPOINT WARNING * * *
A demonic guardian appears!
The gnoll hits you from afar with a +0 spear.
* * * LOW HITPOINT WARNING * * *
The gnoll hits you with a +0 whip.
* * * LOW HITPOINT WARNING * * *
Quintus hits the gnoll with a +0 quarterstaff!!
The gnoll dies!
The gnoll hits you with a +0 whip.
* * * LOW HITPOINT WARNING * * *
Okay, then.
The gnoll attacks as you move away! The gnoll hits you with a +0 whip.
You die...

####...##)..##.#.............#
#..##.....##......##......)
#..#.......#.......##......
#......_...................
#..#.......#.##............
.....##.....##.##............
#......##...##.........<......
#........##.##..##..#..........
#............gg@.#..###.#.......
#...##.#.....g..................
≈... ####...)R4................#
#.......PPP...PPP........
.......P..P...PP.P.......
.#.##..P.PP...P..P..##... #
#..PPPP...PPPP..##...
#....................
........8.......#....


You could see the friendly Quintus the battlemage, 3 gnolls and a friendly
hellwing (summoned).

Vanquished Creatures
  A lemure (D:5)
  A scorpion (D:4)
  An iguana (D:4)
  2 gnolls
  An adder (D:4)
  A white imp (D:5)
  2 dart slugs (D:4)
  3 orcs
  5 ball pythons
  8 endoplasms
  2 giant cockroaches (D:2)
  4 goblins
  7 hobgoblins
  8 kobolds
  4 quokkas
  7 bats
  2 frilled lizards
  7 rats
66 creatures vanquished.

Vanquished Creatures (collateral kills)
  Pikel (D:5)
  An ice beast (D:5)
  2 lemures (D:5)
  A scorpion (D:4)
  A killer bee (D:4)
  2 jellies
  A gnoll shaman (D:5)
  An iguana (D:4)
  3 adders
  4 gnolls
  A worm (D:4)
  A dart slug (D:4)
  3 orcs (D:4)
  2 endoplasms (D:4)
  A goblin (D:4)
25 creatures vanquished.

Grand Total: 91 creatures vanquished

Notes
Turn   | Place    | Note
-------+----------+-------------------------------------------
     0 | D:1      | Dabor the Demonspawn Transmuter began the quest for the
                  | Orb.
     0 | D:1      | Reached XP level 1. HP: 15/15 MP: 3/3
     7 | D:1      | Found a faded altar of an unknown god.
   410 | D:1      | Lost mutation: You have razor-sharp toenails. [demonic
                  | ancestry]
   410 | D:1      | Lost mutation: You have sharp toenails. [demonic ancestry]
   410 | D:1      | Gained mutation: You have large cloven feet. [demonic
                  | ancestry]
   410 | D:1      | Reached XP level 2. HP: 21/21 MP: 3/5
   413 | D:1      | Learned a level 2 spell: Wereblood
   873 | D:1      | Prayed at the altar of an unknown god.
   873 | D:1      | Became a worshipper of Vehumet
   873 | D:1      | Reached * piety under Vehumet
   873 | D:1      | Offered knowledge of Sandblast by Vehumet.
   874 | D:1      | Fell from the grace of Vehumet
  1039 | D:2      | Found a hazy altar of Hepliaklqana.
  1057 | D:2      | Became a worshipper of Hepliaklqana the Forgotten
  1407 | D:2      | Gained mutation: A weak demonic guardian rushes to your
                  | aid. [demonic ancestry]
  1407 | D:2      | Reached XP level 3. HP: 26/26 MP: 6/6
  2458 | D:3      | Reached * piety under Hepliaklqana
  3352 | D:4      | Found an iron altar of Okawaru.
  3355 | D:4      | Noticed a scorpion
  3370 | D:4      | Killed a scorpion
  3371 | D:4      | Reached skill level 1 in Invocations
  3371 | D:4      | Gained mutation: A demonic guardian rushes to your aid.
                  | [demonic ancestry]
  3371 | D:4      | Reached XP level 4. HP: 29/29 MP: 6/8
  3634 | D:4      | Reached XP level 5. HP: 15/34 MP: 6/9
  3825 | D:4      | Reached ** piety under Hepliaklqana
  3827 | D:4      | Remembered your ancestor Quintus as a battlemage
  4396 | D:4      | Gained mutation: You may rarely emit foul miasma when
                  | damaged in melee. [demonic ancestry]
  4396 | D:4      | Reached XP level 6. HP: 18/41 MP: 10/10
  4704 | D:5      | Entered Level 5 of the Dungeon
  5024 | D:5      | Found a radiant altar of Vehumet.
  5272 | D:5      | Noticed an ice beast
  5280 | D:5      | Killed an ice beast
  5562 | D:5      | Reached XP level 7. HP: 35/46 MP: 9/12
  5625 | D:5      | Noticed Pikel
  5630 | D:5      | Killed Pikel
  5631 | D:5      | Reached XP level 8. HP: 30/54 MP: 10/14
  5790 | D:5      | HP: 2/54 [gnoll/+0 whip (1)]
  5791 | D:5      | Slain by a gnoll

Illustrated notes

Levels and vault maps discovered:
D:1:      minmay_arrival_glassed_features, layout_basic,
          dreamdust_ecumenical_altar_grove, st_stairs_14,
          corexii_item_surrounded_by_moat, minmay_octomino_e4
D:2:      layout_loops_ring, basic_altar, kennysheep_generic_room_10
D:3:      layout_basic
D:4:      layout_gridville, mainiacjoe_overflow_tiny_flanked,
          minmay_misc_feat_doors, nzn_random_ring
D:5:      layout_cave_pools, lemuel_round_altar, mainiacjoe_overflow_big_doors,
          serial_park, serial_park_tiny_1, serial_park_square2,
          serial_park_tiny_1, serial_park_gazebo [serial_park_minivault_5x5_1],
          hangedman_decor_points, serial_bayou_pond_e, uniq_pikel

Skill      XL: |  1  2  3  4  5  6  7 |
---------------+----------------------+-----
Dodging        | 2 3 4 |  4.3
Transmutations | 2 3 4 |  4.2
Unarmed Combat | 3 |  3.0
Fighting       | 2 3 4 |  4.4
Invocations    | 1 2 3 |  3.6
Spellcasting   | 3 4 |  4.5

Action                   |  1- 3 |  4- 6 |  7- 9 || total
-------------------------+-------+-------+-------++-------
Melee: Unarmed           |    88 |       |       ||    88
       Kick              |    30 |    15 |     6 ||    51
       Headbutt          |     6 |     4 |     4 ||    14
       Punch             |     3 |     2 |     1 ||     6
       Dagger            |    44 |    65 |    16 ||   125
Throw: Stone             |       |     8 |       ||     8
 Cast: Beastly Appendage |    25 |     4 |     2 ||    31
       Wereblood         |       |     4 |     2 ||     6
Invok: Renounce Religion |     1 |       |       ||     1
       Ancestor Life: Ba |       |     1 |       ||     1
  Use: Scroll            |     2 |     2 |       ||     4
       Potion            |     1 |       |       ||     1
 Stab: Sleeping          |     3 |       |       ||     3
       Distracted        |     1 |       |       ||     1
Armor: Robe              |    36 |    13 |     3 ||    52
       Skin              |     9 |       |       ||     9
Dodge: Dodged            |    78 |    49 |    10 ||   137

Table legend: (Time is in decaauts)
 A = Elapsed time spent in this place.
 B = Non-inter-level travel time spent in this place.
 C = Inter-level travel time spent in this place.
 D = Time resting spent in this place.
 E = Time spent auto-exploring this place.
 F = Levels seen in this place.
 G = Mean time per level.
                   A        B        C        D        E       F      G
               +--------+--------+--------+--------+--------+-----+--------+
         Total |   5799 |   5595 |    204 |    514 |   4265 |   5 | 1159.8 |
       Dungeon |   5799 |   5595 |    204 |    514 |   4265 |   5 | 1159.8 |
               +--------+--------+--------+--------+--------+-----+--------+

Top non-repeatable levels by time:
     D:4: 1885 daAuts
     D:2: 1249 daAuts
     D:1: 898 daAuts
     D:3: 890 daAuts
     D:5: 874 daAuts
